 Dungeon Crawl Stone Soup version 0.28-a0-1506-g3893175d92 (webtiles) character file.

Game seed: 16688597239960808684

58 HallandMoats the Skirmisher (level 4, 0/39 HPs)
             Began as a Ghoul Fighter on Jan 14, 2022.
             Was an Initiate of Yredelemnul.
             Slain by a gnoll (7 damage)
             ... on level 4 of the Dungeon.
             The game lasted 00:02:24 (2409 turns).

HallandMoats the Skirmisher (Ghoul Fighter)         Turns: 2409, Time: 00:02:25

Health: 0/39       AC: 12    Str: 19    XL:     4   Next: 1%
Magic:  4/4        EV:  5    Int:  5    God:    Yredelemnul [......]
Gold:   84         SH:  4    Dex:  8    Spells: 3/3 levels left

rFire   . . .      SeeInvis .   b - +0 short sword (venom)
rCold   + . .      Faith    .   c - +0 buckler
rNeg    + + +      Spirit   .   k - +0 plate armour
rPois   ∞          Reflect  .   i - +0 helmet
rElec   .          Harm     .   (no cloak)
rCorr   .          Rampage  .   (no gloves)
Will    .....                   (no boots)
Stlth   ..........              (no amulet)
HPRegen 0.00/turn               (no ring)
MPRegen 0.09/turn               (no ring)

@: inhibited regen
A: claws 1, cold resistance 1, negative energy resistance 3, inhibited
regeneration, torment resistance 2
a: Renounce Religion, Recall Undead Harvest


You were on level 4 of the Dungeon.
You worshipped Yredelemnul.
Yredelemnul was noncommittal.
You visited 1 branch of the dungeon, and saw 4 of its levels.

You collected 84 gold pieces.

Inventory:

Hand Weapons
 a - a +0 long sword
 b - a +0 short sword of venom (weapon)
Armour
 c - a +0 buckler (worn)
 i - a +0 helmet (worn)
 k - a +0 plate armour (worn)
Scrolls
 f - a scroll of enchant armour {unknown}
Potions
 d - a potion of might
 e - 2 potions of curing {unknown}
 g - a potion of mutation {unknown}
 h - 2 potions of degeneration {unknown}
 j - a potion of ambrosia {unknown}


   Skills:
 + Level 3.6 Fighting
 + Level 2.1 Long Blades
 + Level 2.9 Armour
 + Level 0.7 Dodging
 * Level 3.1 Shields
 * Level 1.7 Invocations


You had 3 spell levels left.
You didn't know any spells.
Your spell library was empty.

Dungeon Overview and Level Annotations

Branches:
Dungeon (4/15)
 Temple: D:4-7

Altars:
Yredelemnul


Innate Abilities, Weirdness & Mutations

You thrive by killing the living.
You are immune to poison.
You have sharp fingernails.
Your flesh is cold resistant. (rC+)
You are immune to negative energy. (rN+++)
You do not regenerate when monsters are visible.
You are immune to unholy pain and torment.


Message History

The gnoll shouts! x2
The gnoll hits you with a +0 spear.
Your kobold zombie hits the gnoll but does no damage.
The gnoll moves out of view.
There are monsters nearby!
You hit the gnoll.
The gnoll is poisoned.
The gnoll is lightly wounded.
The gnoll hits you but does no damage.
There are monsters nearby!
You barely miss the gnoll.
The gnoll is moderately wounded.
The gnoll hits you but does no damage. x2
The gnoll hits you with a +0 vampiric whip.
There are monsters nearby!
You closely miss the gnoll.
The gnoll is moderately wounded.
Your kobold zombie hits the gnoll but does no damage.
The gnoll hits you but does no damage. The gnoll hits you with a +0 spear.
The gnoll hits you but does no damage.
There are monsters nearby!
You barely miss the gnoll.
The gnoll is moderately wounded.
The gnoll hits you but does no damage.
Your kobold zombie hits the gnoll but does no damage.
The gnoll hits you with a +0 vampiric whip!
The gnoll hits you but does no damage.
There are monsters nearby!
You are too injured to fight recklessly!
You barely miss the gnoll. The gnoll hits you with a +0 club.
The gnoll barely misses you.
The gnoll hits you with a +0 vampiric whip.
* * * LOW HITPOINT WARNING * * *
Your kobold zombie hits the gnoll.
You closely miss the gnoll.
The gnoll is lightly wounded.
The gnoll hits you but does no damage. The gnoll hits you with a +0 spear.
* * * LOW HITPOINT WARNING * * *
The gnoll hits you with a +0 vampiric whip!
You die...
Yredelemnul claims you as an undead slave.

#.# #.# # #.# #.# #
###.########.###.#####
.....................
...............<.....
##.####.###.##..###.#
#.. #.# #.##..# #.#
.####..###.###.##..###.#
......g@gZ..............
......g###.######..###.#
.####.. ..# ###..###.#
#.g ... .......... ...
..... .....###.. ##..
##.#######.# #.# ... ..#
#.# #.# ... .. ... ...
##.#


You could see 4 gnolls and a friendly kobold zombie.

Vanquished Creatures
  6 ball pythons
  9 endoplasms
  2 giant cockroaches
  3 goblins
  2 hobgoblins (D:1)
  11 kobolds
  5 quokkas
  4 bats
  3 frilled lizards
  3 rats
48 creatures vanquished.

Vanquished Creatures (collateral kills)
  A ball python (D:2)
  A hobgoblin (D:1)
  A kobold (D:2)
  2 rats (D:2)
5 creatures vanquished.

Vanquished Creatures (others)
  A quokka zombie (D:2)
1 creature vanquished.

Grand Total: 54 creatures vanquished

Notes
Turn   | Place    | Note
-------+----------+-------------------------------------------
     0 | D:1      | HallandMoats the Ghoul Fighter began the quest for the Orb.
     0 | D:1      | Reached XP level 1. HP: 19/19 MP: 0/0
   468 | D:1      | Reached XP level 2. HP: 25/26 MP: 1/1
   575 | D:1      | Reached skill level 1 in Invocations
   855 | D:1      | Found a faded altar of an unknown god.
   861 | D:1      | Prayed at the altar of an unknown god.
   861 | D:1      | Became a worshipper of Yredelemnul the Dark
   861 | D:1      | Reached * piety under Yredelemnul
  1067 | D:1      | Reached XP level 3. HP: 31/31 MP: 2/2
  1495 | D:2      | Reached ** piety under Yredelemnul
  2372 | D:4      | Reached XP level 4. HP: 39/39 MP: 4/4
  2409 | D:4      | Slain by a gnoll

Illustrated notes

Levels and vault maps discovered:
D:1:      dpeg_arrival_boxes_within_box, layout_basic,
          dreamdust_ecumenical_altar_angels_and_demons
D:2:      layout_rooms, minmay_misc_feat_secret_circle
D:3:      layout_loops_ring, minmay_misc_feat_five,
          chequers_serial_rivers_micro_e
D:4:      layout_basic, nemelex_altar_shiori, elyvilon_altar_4,
          general_overflow_altar, hex_medium, minmay_misc_feat_plants

Skill      XL: |  1  2  3 |
---------------+----------+-----
Invocations    | 1 |  1.7
Shields        | 3 |  3.1
Long Blades    | 2 |  2.1
Fighting       | |  3.6
Armour         | |  2.9
Dodging        | |  0.7

Action                   |  1- 3 |  4- 6 || total
-------------------------+-------+-------++-------
Melee: Long sword        |   124 |       ||   124
       Short sword       |     6 |     6 ||    12
Armor: Scale mail        |    52 |       ||    52
       Plate armour      |     2 |     8 ||    10
Dodge: Dodged            |    64 |     1 ||    65
Block: Buckler           |    30 |       ||    30

Table legend: (Time is in decaauts)
 A = Elapsed time spent in this place.
 B = Non-inter-level travel time spent in this place.
 C = Inter-level travel time spent in this place.
 D = Time resting spent in this place.
 E = Time spent auto-exploring this place.
 F = Levels seen in this place.
 G = Mean time per level.
                   A        B        C        D        E       F      G
               +--------+--------+--------+--------+--------+-----+--------+
         Total |   2451 |   2293 |    158 |    179 |   1738 |   4 |  612.8 |
       Dungeon |   2451 |   2293 |    158 |    179 |   1738 |   4 |  612.8 |
               +--------+--------+--------+--------+--------+-----+--------+

Top non-repeatable levels by time:
     D:1: 1170 daAuts
     D:3: 764 daAuts
     D:2: 467 daAuts
     D:4: 49 daAuts
